AoeStats
← Dr. Daniel Jackson

Arena

509101072Analyzed
2v2 RM · 8d ago on Sep 25, 2026· 24m 19s· 4 players
Game mode
Random Map
Map size
Medium (4 player)
Population
200
Speed
Normal
Resources
Standard
Victory
Conquest
Starting age
Dark Age
Ending age
Imperial Age
RankedLock teamsTeams togetherTeam positionsShared explorationLock speedFull tech treeHidden civsTurbo modeCheats
Victory
Defeat
🇮🇩 Sicilians · Indonesia
762
+13
🇫🇮 Danes · Finland
644
+18
🇵🇪 Khmer · Peru
710
-16
🇦🇺 Teutons · Australia
678
-15
Dr. Daniel Jackson
7:28 Loom
11:42 Feudal Age
13:28 Double-Bit Axe
14:00 Horse Collar
14:28 Man-at-Arms
17:39 Town Watch
20:29 Forging
20:59 Scale Mail Armor
20:50 Arson
Thesammy
8:13 Loom
10:47 Feudal Age
15:18 Castle Age
14:49 Wheelbarrow
14:27 Double-Bit Axe
18:32 Horse Collar
18:54 Gold Mining
21:15 Stone Mining
24:19 Imperial Age
Sir Burnalot of Homes
3:44 Loom
10:29 Feudal Age
10:56 Double-Bit Axe
10:54 Horse Collar
13:10 Wheelbarrow
12:31 Stone Mining
20:29 Castle Age
19:44 Man-at-Arms
20:54 Long Swordsman
21:30 Arson
21:49 Squires
21:53 Town Watch
Donald Trump
10:05 Feudal Age
10:34 Double-Bit Axe
10:32 Horse Collar
10:44 Loom
18:10 Castle Age
18:03 Stone Mining
20:05 Wheelbarrow
Connection lost

Rejoining the realm…

Still unreachable

The connection could not be restored.

Session expired

The server has moved on; the page needs a fresh start.